 Dungeon Crawl Stone Soup version 0.21.1-1-g345015f (webtiles) character file.

7 shakethe the Grave Robber (level 1, 0/13 HPs)
             Began as a Demonspawn Necromancer on Feb 15, 2018.
             Slain by a giant cockroach (1 damage)
             ... on level 1 of the Dungeon.
             The game lasted 00:00:31 (84 turns).

shakethe the Grave Robber (Demonspawn Necromancer)    Turns: 84, Time: 00:00:31

Health: 0/13       AC:  2    Str:  8    XL:     1   Next: 83%
Magic:  0/3        EV: 12    Int: 16    God:
Gold:   0          SH:  0    Dex: 13    Spells: 3/4 levels left

rFire    . . .     SeeInvis .   d - +0 club
rCold    . . .     Gourm    .   (no shield)
rNeg     . . .     Faith    .   a - +0 robe
rPois    .         Spirit   .   (no helmet)
rElec    .         Reflect  .   (no cloak)
rCorr    .         Harm     .   (no gloves)
MR       .....                  (no boots)
Stlth    ++........             (no amulet)
HPRegen  0.04/turn              (no ring)
MPRegen  0.08/turn              (no ring)

@: no status effects
A: no striking features
a: no special abilities


You were on level 1 of the Dungeon.
You were not hungry.

You visited 1 branch of the dungeon, and saw 1 of its levels.

Inventory:

Hand Weapons
 d - a +0 club (weapon)
   (You took it off a hobgoblin on level 1 of the Dungeon)
Armour
 a - a +0 robe (worn)
Books
 b - a book of Necromancy
Comestibles
 c - 3 rations


   Skills:
 - Level 1.7 Dodging
 - Level 1.7 Stealth
 + Level 2.1 Spellcasting
 * Level 4.7 Necromancy


You had 3 spell levels left.
You knew the following spells:

 Your Spells              Type           Power        Failure   Level  Hunger
a - Pain                  Necr           ###.         3%          1    #......


Dungeon Overview and Level Annotations

Branches:
Dungeon (1/15)

Altars:


Message History

Welcome, shakethe the Demonspawn Necromancer.
It is said that the Orb of Zot exists deep within this dungeon.
Found a ration.
Found a staircase leading out of the dungeon.
Unknown command.
There are no items here.
A frilled lizard comes into view.
The frilled lizard hisses angrily.
A frilled lizard and 2 hobgoblins come into view.
The hobgoblin shouts!
The frilled lizard hisses angrily.
The frilled lizard misses you.
You hit the frilled lizard.
You kill the frilled lizard!
Aim: a hobgoblin (chance to defeat MR: 85%)
The hobgoblin writhes in agony!
You kill the hobgoblin!
You take 1 damage, and have 12/13 hp.
You now have 2/3 mp.
Aim: a hobgoblin, wielding a club (chance to defeat MR: 85%)
The hobgoblin writhes in agony!
You kill the hobgoblin!
You take 1 damage, and have 11/13 hp.
You now have 1/3 mp.
Aim: a frilled lizard (chance to defeat MR: 87%)
The frilled lizard writhes in agony!
You kill the frilled lizard!
You take 1 damage, and have 10/13 hp.
You now have 0/3 mp.
d - a club
There are no items here.
c - 2 rations (gained 1)
c - 3 rations (gained 1)
You open the door.
There is an open door here. 2 jackals come into view.
The jackal barks!
You hear a shout!
You regained 2 hp, and now have 12/13 hp.
MP restored: 3
d - a +0 club (weapon)
Aim: a jackal (hasn't noticed you, chance to defeat MR: 87%)
The jackal barks!
The jackal writhes in agony!
A giant cockroach comes into view.
You take 1 damage, and have 11/13 hp.
You now have 2/3 mp.
Aim: a jackal (almost dead, chance to defeat MR: 87%)
The jackal writhes in agony!
You kill the jackal!
You take 1 damage, and have 10/13 hp.
You now have 1/3 mp.
You barely miss the jackal. The jackal bites you. x2
You take 4 damage, and have 6/13 hp.
MASSIVE DAMAGE!!
The jackal bites you.
There is an open door here.
You take 1 damage, and have 5/13 hp.
The jackal barely misses you.
Aim: a jackal (chance to defeat MR: 87%)
The jackal writhes in agony!
The jackal barely misses you.
You take 1 damage, and have 4/13 hp.
You now have 0/3 mp.
You hit the jackal.
You kill the jackal!
The giant cockroach bites you.
* * * LOW HITPOINT WARNING * * *
You take 2 damage, and have 2/13 hp.
The giant cockroach waves its antennae.
The giant cockroach misses you. The giant cockroach closely misses you.
There is a staircase leading out of the dungeon here.
The giant cockroach completely misses you.
Aim: a giant cockroach (clinging, chance to defeat MR: 87%)
The giant cockroach barely resists.
The giant cockroach bites you but does no damage.
You take 1 damage, and have 2/13 hp.
You barely miss the giant cockroach.
The giant cockroach completely misses you.
The giant cockroach closely misses you.
Aim: a giant cockroach (clinging, chance to defeat MR: 87%)
The giant cockroach writhes in agony!
The giant cockroach waves its antennae.
The giant cockroach bites you.
You die...

##................##
######..##<.######
######..##..######
#................#
#..................
#...##...##...##...
#.. ##..##..## .. #.
#..##s.## . #
...##@..#
....##.......$
...####......+
#######


You could see a giant cockroach.

Vanquished Creatures
  2 hobgoblins (D:1)
  2 jackals (D:1)
  2 frilled lizards (D:1)
6 creatures vanquished.

Notes
Turn   | Place    | Note
-------+----------+-------------------------------------------
     0 | D:1      | shakethe the Demonspawn Necromancer began the quest for the Orb.
     0 | D:1      | Reached XP level 1. HP: 13/13 MP: 3/3
    65 | D:1      | HP: 2/13 [giant cockroach (2)]
    84 | D:1      | Slain by a giant cockroach

Action                   || total
-------------------------++-------
Melee: Club              ||     3
       Unarmed           ||     1
 Cast: Pain              ||     8
Armor: Robe              ||     1
Dodge: Dodged            ||     8

Vault maps used:
D:1:      minmay_arrival_four_loops

Table legend:
 A = Turns spent in this place as a percentage of turns spent in the entire game.
 B = Non-inter-level travel turns spent in this place as a percentage of non-inter-level travel turns spent in the entire game.
 C = Inter-level travel turns spent in this place as a percentage of turns spent in this place.
 D = Turns resting spent in this place as a percentage of non-inter-level travel turns spent in this place.
 E = Turns spent auto-exploring this place as a percentage of non-inter-level travel turns spent in this place.
 F = Non-inter-level travel turns spent in this place divided by the number of levels of this place that you've seen.
                   A       B       C       D       E      F
               +-------+-------+-------+-------+-------+----------------------
         Total | 100.0 | 100.0 |   0.0 |   0.0 |  51.2 |  84.0
       Dungeon | 100.0 | 100.0 |   0.0 |   0.0 |  51.2 |  84.0
               +-------+-------+-------+-------+-------+----------------------

Table legend:
 A = Kills in this place as a percentage of kills in entire the game.
 B = Kills by you in this place as a percentage of kills by you in the entire game.
 C = Kills by friends in this place as a percentage of kills by friends in the entire game.
 D = Other kills in this place as a percentage of other kills in the entire game.
 E = Experience gained in this place as a percentage of experience gained in the entire game.
 F = Experience gained in this place divided by the number of levels of this place that you have seen.
                   A       B       C       D       E      F
               +-------+-------+-------+-------+-------+----------------------
         Total | 100.0 | 100.0 |   N/A |   N/A | 100.0 |  10.0
       Dungeon | 100.0 | 100.0 |   N/A |   N/A | 100.0 |  10.0
               +-------+-------+-------+-------+-------+----------------------
